 Dungeon Crawl Stone Soup version 0.31.0-12-g77e489cdc1 (webtiles) character file.

Game seed: 2228840326600051413

3002 hawla the Torchbearer (level 9, -3/87 (105) HPs)
             Began as a Minotaur Fighter on Feb 17, 2024.
             Was an Initiate of Yredelemnul.
             Slain by a slime creature (4 damage)
             ... on level 8 of the Dungeon.
             The game lasted 00:17:37 (7961 turns).

hawla the Torchbearer (Minotaur Fighter)            Turns: 7961, Time: 00:17:38

HP:   -3/87 (105)   AC: 24    Str: 24    XL:     9   Next: 54%
MP:   14/14         EV:  2    Int:  7    God:    Yredelemnul [......]
Gold: 0             SH:  5    Dex: 11    Spells: 8/8 levels left

rFire   . . .        u - +4 long sword of Toexump {flame, rN+ Int+2}
rCold   + . .        c - +0 buckler
rNeg    + . .        x - melded +0 plate armour
rPois   +            (helmet currently unavailable)
rElec   .            q - melded +2 cloak {Will+}
rCorr   .            (gloves currently unavailable)
SInv    .            k - melded +0 pair of boots of the Garden {Rampage rElec Int+6}
Will    .....        (no amulet)
Stlth   +            f - ring of protection from cold
HPRegen 0.34/turn    (no ring)
MPRegen 0.14/turn

%: no passive effects
@: tree-form, heavily drained
A: stationary, stasis, torment immunity, boosted hp, (horns 2), (retaliatory
headbutt)
a: Renounce Religion, Recall Undead Harvest


You were on level 8 of the Dungeon.
You worshipped Yredelemnul.
Yredelemnul was aware of your devotion.
You were a tree.
You visited 2 branches of the dungeon, and saw 9 of its levels.
You also visited: Sewer and Bailey.

Inventory:

Hand Weapons
 u - the +4 long sword of Toexump (weapon) {flame, rN+ Int+2}
   (You found it on level 5 of the Dungeon)

   Int+2:     It affects your intelligence (+2).
   rN+:       It protects you from negative energy.
Armour
 c - a +0 buckler (worn)
 k - the +0 pair of boots of the Garden (melded) {Rampage rElec Int+6}
   (You found it on level 4 of the Dungeon)

   Int+6:     It affects your intelligence (+6).
   rElec:     It insulates you from electricity.
   Rampage:   It bestows one free step when moving towards enemies.
 q - a +2 cloak of willpower (melded)
 x - a +0 plate armour (melded)
Jewellery
 f - a ring of protection from cold (left branch)
 g - a ring of ice
 j - an amulet of magic regeneration
Wands
 o - a wand of flame (12)
 B - a wand of roots (12) (quivered)
Scrolls
 a - a scroll of identify
 b - a scroll of enchant weapon
 i - a scroll of fog
 m - a scroll of fear
 w - a scroll of immolation
Potions
 d - 3 potions of might
 h - 4 potions of enlightenment
 l - a potion of attraction
 n - 5 potions of haste
 p - a potion of mutation
 r - 3 potions of brilliance {unknown}
 t - 4 potions of invisibility {unknown}
 v - 4 potions of heal wounds {unknown}
 z - 2 potions of resistance {unknown}
 A - 2 potions of cancellation {unknown}
 D - 2 potions of magic {unknown}


   Skills:
 - Level 3.6 Fighting
 - Level 2.4 Axes
 - Level 6.0 Throwing
 - Level 5.0 Armour
 - Level 6.0 Dodging
 - Level 5.0 Shields
 + Level 8.8 Invocations
 - Level 3.0 Evocations


You had 8 spell levels left.
You didn't know any spells.
Your spell library contained the following spells:

 Spells                   Type           Power      Damage    Failure   Level
 Ozocubu's Armour         Ice            0%         N/A       86%         3
 Metabolic Englaciation   Hex/Ice        0%         N/A       100%        5
 Sculpt Simulacrum        Ice/Alch       0%         N/A       100%        6


Dungeon Overview and Level Annotations

Branches:
Dungeon (8/15)             Temple (1/1) D:5           Sewer (visited)
 Bailey (visited)
   Lair: D:8-11

Altars:
Ashenzari
Dithmenos
Elyvilon
Fedhas
Gozag
Hepliaklqana
Kikubaaqudgha
Makhleb
Nemelex Xobeh
Okawaru
Qazlal
Ru
Sif Muna
Trog
Uskayaw
Vehumet
Wu Jian
Yredelemnul
Zin
The Shining One

Shops:
D:3 [   D:5 *

Annotations:
D:3 dig the scroll
D:7 Maurice


Innate Abilities, Weirdness & Mutations

You are a tree.
Your roots penetrate the ground, keeping you stationary.
You cannot be teleported.
You are immune to unholy pain and torment.
Your maximum health is greatly increased.
Your equipment is partially melded.
((You have a pair of horns on your head.))
((You reflexively headbutt those who attack you in melee.))


Message History

You headbutt the slime creature! The slime creature hits you.
The slime creature hits you but does no damage.
You block the slime creature's attack.
Unknown command.
You slash the slime creature! You burn the slime creature.
The slime creature is severely wounded.
The slime creature hits you but does no damage.
The slime creature completely misses you.
The slime creature hits you. x2
The slime creature hits you but does no damage. x2
The slime creature completely misses you.
The slime creature hits you.
* * * LOW HITPOINT WARNING * * *
You slash the slime creature! You burn the slime creature.
The slime creature is almost dead.
You block the slime creature's attack. x2; The slime creature hits you!
* * * LOW HITPOINT WARNING * * *
The slime creature misses you.
Unknown command.
You feel better.
The slime creature hits you but does no damage. x2
The slime creature hits you.
* * * LOW HITPOINT WARNING * * *
The slime creature barely misses you. You furiously retaliate!
You headbutt the slime creature, but do no damage.
You turn into a tree.
Your +2 cloak of willpower melds into your body.
The +0 pair of boots of the Garden {Rampage rElec Int+6} melds into your body.
Your +0 plate armour melds into your body.
You feel less strong-willed.
Your roots penetrate the ground.
The slime creature hits you but does no damage.
You block the slime creature's attack. x2; The slime creature hits you!
* * * LOW HITPOINT WARNING * * *
You feel better.
The slime creature hits you but does no damage.
The slime creature hits you!
* * * LOW HITPOINT WARNING * * *
The slime creature hits you.
You die...
Your body rises from the dead as a mindless zombie.

#.#######..###
###########.#######..#
#.$.........##.......#
#.######..#.##.####.##
#......8.....# #.# ##
#...8.....8..#.####.#
#. #..................#
#. #....J.J....####...#
#. #8...J♣J...8# #.#.#
#. #.............
#.#.###.
#..............#.#.....
#..8.....8.....# ######
#.....8........
####......?...
##########. #..# #..


You could see 4 slime creatures.

Vanquished Creatures
  Joseph (D:8)
  A steam dragon (D:7)
  An orc warrior (Bailey)
  4 sky beasts
  2 black bears (D:6)
  An ice beast (D:6)
  A centaur (D:7)
  A kobold brigand (D:8)
  A phantom (D:5)
  A brain worm (Sewer)
  2 bullfrogs
  A scorpion (D:6)
  2 bombardier beetles
  3 orc priests
  2 jellies (D:5)
  Crazy Yiuf (D:3)
  3 sleepcaps
  2 hounds
  Ijyb (D:3)
  Terence (D:3)
  2 iguanas
  An orc wizard (D:6)
  Natasha (thrice) (D:2)
  An ogre zombie (D:7)
  Robin (D:3)
  19 gnolls
  7 adders
  4 river rats
  2 white imps
  3 dart slugs
  4 ribbon worms
  32 orcs
  A bat zombie (Sewer)
  7 endoplasms
  3 giant cockroaches
  14 goblins
  10 hobgoblins
  7 jackals
  8 kobolds
  6 quokkas
  9 ball pythons
  13 bats
  2 frilled lizards
  6 rats
197 creatures vanquished.

Vanquished Creatures (collateral kills)
  A water moccasin (D:7)
  An ogre (D:7)
  A jelly (D:7)
  2 gnolls
  A ribbon worm (Sewer)
  3 orcs
  2 giant cockroaches
  2 kobolds (D:8)
  A quokka (Sewer)
  4 ball pythons
  3 bats (Sewer)
  A frilled lizard (Sewer)
22 creatures vanquished.

Vanquished Creatures (others)
  A centaur zombie (D:7)
  A hound zombie (D:6)
  A spectral white imp (D:6)
  An adder zombie (Sewer)
  3 bat zombies (Sewer)
  7 gnoll zombies
  3 ball python zombies (Sewer)
  A bombardier beetle zombie (D:7)
  3 kobold zombies (D:8)
  14 orc zombies
35 creatures vanquished.

Grand Total: 254 creatures vanquished

Notes
Turn   | Place    | Note
-------+----------+-------------------------------------------
     0 | D:1      | hawla the Minotaur Fighter began the quest for the Orb.
     0 | D:1      | Reached XP level 1. HP: 19/19 MP: 0/0
   115 | D:1      | Reached XP level 2. HP: 24/26 MP: 1/1
   253 | D:1      | Reached skill level 5 in Shields
   783 | D:2      | Found a faded altar of an unknown god.
   791 | D:2      | Reached XP level 3. HP: 31/31 MP: 2/2
   900 | D:2      | Noticed Natasha
   906 | D:2      | Killed Natasha
   936 | D:2      | Noticed Natasha
   943 | D:2      | Reached XP level 4. HP: 32/39 MP: 3/3
   945 | D:2      | Killed Natasha
  1048 | D:2      | Noticed Natasha
  1055 | D:2      | Killed Natasha
  1348 | D:3      | Reached XP level 5. HP: 30/45 MP: 4/4
  1519 | D:3      | Found a glowing golden altar of the Shining One.
  1717 | D:3      | Found a stormy altar of Qazlal.
  1718 | D:3      | Noticed Robin
  1721 | D:3      | Noticed a sky beast
  1730 | D:3      | Killed Robin
  1738 | D:3      | Killed a sky beast
  1739 | D:3      | Reached skill level 5 in Dodging
  1866 | D:3      | Noticed Terence
  1872 | D:3      | Killed Terence
  1873 | D:3      | Reached XP level 6. HP: 51/51 MP: 5/5
  1896 | D:3      | Noticed Ijyb
  1905 | D:3      | Killed Ijyb
  1982 | D:3      | Found an ancient bone altar of Kikubaaqudgha.
  2066 | D:3      | Found Irhog's Antique Armour Shop.
  2260 | D:3      | Found a runed translucent door.
  2261 | D:3      | Noticed Crazy Yiuf
  2403 | D:3      | Killed Crazy Yiuf
  2404 | D:3      | Reached skill level 1 in Throwing
  2563 | D:4      | Identified the +0 pair of boots of the Garden {Rampage
                  | rElec Int+6}
  3007 | D:4      | Found a sparkling altar of Nemelex Xobeh.
  3011 | D:4      | Found a sacrificial altar of Ru.
  3404 | D:5      | Entered Level 5 of the Dungeon
  3575 | D:5      | Reached XP level 7. HP: 55/57 MP: 6/6
  3582 | D:5      | Found a staircase to the Ecumenical Temple.
  3599 | Temple   | Entered the Ecumenical Temple
  3603 | Temple   | Became a worshipper of Yredelemnul the Dark
  3650 | D:5      | Reached * piety under Yredelemnul
  3808 | D:5      | Found Rennivo's General Store.
  3962 | D:5      | Identified the +4 long sword of Toexump {flame, rN+ Int+2}
  4118 | D:5      | Reached ** piety under Yredelemnul
  4119 | D:5      | Reached skill level 5 in Throwing
  4379 | D:6      | Reached skill level 1 in Evocations
  4406 | D:6      | Reached XP level 8. HP: 23/64 MP: 7/7
  4671 | D:6      | Reached skill level 5 in Armour
  4731 | D:6      | Reached skill level 1 in Invocations
  4805 | D:6      | Reached skill level 2 in Invocations
  4909 | D:6      | Identified the +2 rapier "Pekegon" {speed, Int+2}
  4944 | D:6      | Found a glowing drain.
  4950 | Sewer    | Entered a sewer
  5105 | Sewer    | Reached skill level 3 in Invocations
  5171 | Sewer    | Reached *** piety under Yredelemnul
  5801 | D:7      | Reached skill level 4 in Invocations
  5860 | D:7      | Reached skill level 5 in Invocations
  6001 | D:7      | Reached skill level 6 in Invocations
  6001 | D:7      | Reached XP level 9. HP: 35/70 MP: 12/12
  6017 | D:7      | Identified the +0 leather armour "Cemim" {Rampage rPois
                  | Int+3}
  6252 | D:7      | Noticed Maurice
  6268 | D:7      | Something stole 325 gold
  6269 | D:7      | Something stole a ring of fire
  6275 | D:7      | Something stole 157 gold
  6871 | D:8      | Reached skill level 7 in Invocations
  6982 | D:8      | Noticed Joseph
  7003 | D:8      | Killed Joseph
  7004 | D:8      | Reached skill level 8 in Invocations
  7092 | D:8      | Found a flagged portal.
  7102 | Bailey   | Entered a bailey
  7958 | D:8      | HP: 2/58 [slime creature (14)]
  7961 | D:8      | Slain by a slime creature

Illustrated notes

Levels and vault maps discovered:
D:1:      kennysheep_arrival_seaside, layout_basic
D:2:      layout_rooms, ebering_ecumenical_altar_mist, uniq_natasha
D:3:      layout_loops_corners, kiku_gazebo_garden_becter,
          mainiacjoe_overflow_tiny_flanked, nicolae_qazlal_beasts_of_the_sky,
          serial_shops, nicolae_square_shop, item_on_display_a, uniq_ijyb,
          uniq_robin, uniq_terence, uniq_crazy_yiuf_cottage
D:4:      layout_loops_corners, minitemple
D:5:      layout_rooms, minmay_temple_entry_glass, minivault_19,
          kennysheep_another_room, hangedman_decor_riveting,
          nicolae_inconvenience_store
D:6:      layout_cave_pools, portal_sewer_entry_e, mrwooster_statue_mirror
D:7:      layout_loops_ring, uniq_maurice
D:8:      layout_loops_ring, enter_bailey_6, uniq_joseph
Temple:   hellmonk_temple_two_chambers

Skill      XL: |  1  2  3  4  5  6  7  8  9 |
---------------+----------------------------+-----
Shields        | 4 5 |  5.0
Dodging        | 2 4 5 6 |  6.0
Throwing       | 3 6 |  6.0
Evocations     | 2 3 |  3.0
Armour         | 5 |  5.0
Invocations    | 6 8 |  8.8
Fighting       | |  3.6
Axes           | |  2.4

Action                     |  1- 3 |  4- 6 |  7- 9 || total
---------------------------+-------+-------+-------++-------
  Melee: War axe           |    41 |   127 |    27 ||   195
         Headbutt          |     5 |    22 |    45 ||    72
         Long sword        |       |       |   293 ||   293
  Throw: Dart              |       |       |     4 ||     4
 Invoke: Recall Undead Har |       |       |     1 ||     1
  Evoke: Wand              |       |       |     7 ||     7
    Use: Scroll            |     2 |     3 |    12 ||    17
         Potion            |       |       |     7 ||     7
   Stab: Distracted        |       |       |     2 ||     2
 Armour: Scale mail        |    30 |   125 |    89 ||   244
         Plate armour      |       |       |   288 ||   288
         Skin              |       |       |    10 ||    10
  Dodge: Dodged            |    18 |    94 |   170 ||   282
  Block: Buckler           |    11 |    38 |    92 ||   141
